 Dungeon Crawl Stone Soup version 0.17-a0-1691-g18a3847 (webtiles) character file.

326 Pandaemon the Skirmisher (level 6, -7/79 HPs)
             Began as a Draconian Berserker on Aug 20, 2015.
             Was a Priest of Trog.
             Mangled by ifoci's ghost (8 damage)
             ... on level 5 of the Dungeon.
             The game lasted 00:12:10 (3530 turns).

Pandaemon the Skirmisher (Draconian Berserker)      Turns: 3530, Time: 00:12:10

Health: -7/79      AC: 10    Str: 26    XL:     6   Next: 24%
Magic:  6/6        EV: 13    Int:  7    God:    Trog [***...]
Gold:   99         SH:  5    Dex: 11    Spells: 0 memorised, 5 levels left

rFire  . . .     SeeInvis .     e - +1 short sword (speed)
rCold  . . .     Clarity  .     (armour unavailable)
rNeg   . . .     SustAt   .     q - +2 buckler
rPois  .         Gourm    +     (helmet restricted)
rElec  .         Spirit   .     (no cloak)
rCorr  .         Warding  .     n - +0 pair of gloves
rMut   .         Rnd*Tele +     k - +2 pair of boots
MR     .....                    d - amulet of the gourmand
Stlth  ..........               l - ring of stealth
                                j - ring of teleportation

@: berserking, very quick, not resistant to hostile enchantments, extremely
unstealthy
A: unfitting armour, cold-blooded, AC +6
a: Burn Spellbooks, Berserk, Trog's Hand, Renounce Religion, Evoke Teleportation


You were on level 5 of the Dungeon.
You worshipped Trog.
Trog was most pleased with you.
You were not hungry.

You visited 1 branch of the dungeon, and saw 5 of its levels.

You collected 279 gold pieces.
You spent 180 gold pieces at shops.

Inventory:

Hand weapons
 a - a +1 hand axe
 e - a +1 short sword of speed (weapon)
 r - a +0 mace of protection
 w - a cursed -2 hand crossbow
 D - a +2 vampiric rapier
Armour
 i - a +0 pair of boots
 k - a +2 pair of boots (worn)
 n - a +0 pair of gloves (worn)
 q - a +2 buckler (worn)
Jewellery
 d - an amulet of the gourmand (around neck)
 j - a ring of teleportation (left hand)
 l - a ring of stealth (right hand)
 u - a +4 ring of dexterity
 A - a cursed amulet of inaccuracy {unknown}
 B - an uncursed ring of fire {unknown}
Magical devices
 x - a wand of slowing (11)
Scrolls
 c - a scroll of blinking {unknown}
 f - 4 scrolls of remove curse
 g - a scroll of teleportation
 o - 2 scrolls of noise {unknown}
 v - a scroll of amnesia {unknown}
 C - a scroll of immolation {unknown}
Potions
 p - a potion of poison
 t - a potion of haste
 z - a potion of magic {unknown}
Books
 y - a book of Maledictions

   Spells                             Type                      Level
   a - Corona                         Hexes                        1
   b - Ensorcelled Hibernation        Hexes/Ice                    2
   c - Confuse                        Hexes                        3
   d - Tukima's Dance                 Hexes                        3
   e - Dazzling Spray                 Conjuration/Hexes            3
   Trog disapproves of the use of such an item.
Comestibles
 b - 6 bread rations
 h - 5 meat rations
 m - a beef jerky
 s - a royal jelly


   Skills:
 + Level 4.4 Fighting
 + Level 1.1 Short Blades
 + Level 3.6 Axes
 + Level 0.4(2.2) Maces & Flails
 + Level 4.4 Dodging
 + Level 2.7 Stealth
 + Level 0.8 Shields


You had 5 spell levels left.
You didn't know any spells.

Dungeon Overview and Level Annotations

Branches:
Dungeon (5/15)
 Temple: D:4-7

Altars:
Fedhas
Sif Muna
The Shining One

Shops:
D:4 ?

Annotations:
D:5 ifoci's ghost, average GrFi


Innate Abilities, Weirdness & Mutations

Your plain brown scales are hard (AC +6).
Your body does not fit into most forms of armour.
You are cold-blooded and may be slowed by cold attacks.


Message History

Ifoci's ghost closely misses you.
You hit ifoci's ghost but do no damage.
Ifoci's ghost is lightly damaged.
Ifoci's ghost hits you!!
* * * LOW HITPOINT WARNING * * *
You closely miss ifoci's ghost.
Your tail-slap misses ifoci's ghost.
Ifoci's ghost is lightly damaged.
Ifoci's ghost hits you.
* * * LOW HITPOINT WARNING * * *
Use which ability? (? or * to list)
A red film seems to cover your vision as you go berserk!
You feel yourself moving faster!
You feel mighty!
You feel somewhat more hungry. Ifoci's ghost hits you.
* * * LOW HITPOINT WARNING * * *
You barely miss ifoci's ghost.
Ifoci's ghost is lightly damaged.
You puncture ifoci's ghost!
Your tail-slap misses ifoci's ghost.
Ifoci's ghost is moderately damaged.
Ifoci's ghost hits you!
You die...

##################
#...'...#...@W...#
#...#...#..[.##.##
## #...#...'.....#
##.
#####.##..##....#
#..
##^###.##'########
########
#...........#
#......#
###.###'##...#
#.......
.##'###.##...#
#.......
.....'..##.###
#.......


You could see ifoci's ghost.

Vanquished Creatures
  A hound (D:4)
  An orc wizard (D:5)
  A giant frog skeleton (D:4)
  4 worker ants
  A worker ant zombie (D:4)
  5 adders
  An adder skeleton (D:5)
  3 worms
  6 giant geckos
  6 orcs
  A giant cockroach (D:1)
  8 goblins
  4 hobgoblins
  A quokka (D:5)
  A ball python (D:1)
  8 bats
  13 giant newts
  9 jackals
  5 kobolds
  4 rats
83 creatures vanquished.

Notes
Turn   | Place    | Note
--------------------------------------------------------------
     0 | D:1      | Pandaemon the Draconian Berserker began the quest for the Orb.
     0 | D:1      | Reached XP level 1. HP: 19/19 MP: 1/1
   222 | D:1      | Reached XP level 2. HP: 26/26 MP: 2/2
   728 | D:2      | Found a glowing golden altar of the Shining One.
  1249 | D:2      | Reached XP level 3. HP: 33/33 MP: 3/3
  1410 | D:3      | Acquired Trog's second power
  1418 | D:3      | Reached skill level 1 in Stealth
  1420 | D:3      | Reached XP level 4. HP: 9/40 MP: 4/4
  1595 | D:3      | Reached skill level 4 in Fighting
  2299 | D:4      | Reached XP level 5. HP: 46/46 MP: 5/5
  2466 | D:4      | Found a deep blue altar of Sif Muna.
  2565 | D:4      | Found Rahunol's Magic Scroll Emporium.
  2569 | D:4      | Bought a scroll of enchant weapon for 90 gold pieces
  2569 | D:4      | Bought a scroll of enchant armour for 90 gold pieces
  2809 | D:4      | Found a blossoming altar of Fedhas.
  2918 | D:5      | Entered Level 5 of the Dungeon
  3069 | D:5      | Reached XP level 6. HP: 48/53 MP: 6/6
  3243 | D:5      | Reached skill level 1 in Short Blades
  3508 | D:5      | Noticed ifoci's ghost (average GrFi)
  3528 | D:5      | HP: 1/79 [ifoci's ghost (5)]
  3530 | D:5      | Mangled by ifoci's ghost

Vault maps used:
D:1:      minmay_arrival_shattered_statue, minmay_cut_off
D:2:      nicolae_tso_carved_into_rock
D:3:      minmay_door_path, first_bread, minmay_lizard_king
D:4:      nicolae_overflow_crystal_walls, fedhas_altar_3, serial_shops,
          nicolae_shop_stone, minivault_1, dk_noncrumbling_2

Action                   |  1- 3 |  4- 6 || total
-------------------------+-------+-------++-------
Melee: Hand axe          |    95 |     9 ||   104
       Short sword       |       |   191 ||   191
       Mace              |       |    18 ||    18
Invok: Berserk           |       |     3 ||     3
  Use: Scroll            |     3 |    10 ||    13
       Potion            |       |     2 ||     2
 Stab: Sleeping          |       |    11 ||    11
  Eat: Chunk             |       |    13 ||    13
